 Dungeon Crawl Stone Soup version 0.25.1-2-g60ff931df9 (webtiles) character file.

Game seed: 18272603075413374337

93 Peloso the Shield-Bearer (level 4, -7/40 HPs)
             Began as a Minotaur Fighter on Aug 19, 2020.
             Mangled by a gnoll
             ... wielding a +0 halberd
              (10 damage)
             ... on level 3 of the Dungeon.
             The game lasted 00:03:12 (1269 turns).

Peloso the Shield-Bearer (Minotaur Fighter)         Turns: 1269, Time: 00:03:12

Health: -7/40      AC:  7    Str: 21    XL:     4   Next: 36%
Magic:  3/3        EV:  8    Int:  5    God:
Gold:   56         SH:  9    Dex: 10    Spells: 3/3 levels left

rFire    . . .     SeeInvis .   a - +0 long sword
rCold    . . .     Gourm    .   c - +0 kite shield
rNeg     + . .     Faith    .   b - +0 scale mail
rPois    .         Spirit   .   (helmet restricted)
rElec    .         Reflect  .   (no cloak)
rCorr    .         Harm     .   (no gloves)
MR       .....                  (no boots)
Stlth    ..........             (no amulet)
HPRegen  0.13/turn              j - ring of positive energy
MPRegen  0.08/turn              (no ring)

@: mighty
A: retaliatory headbutt, horns 2
a: no special abilities


You were on level 3 of the Dungeon.
You were not hungry.

You visited 1 branch of the dungeon, and saw 3 of its levels.

You collected 56 gold pieces.

Inventory:

Hand Weapons
 a - a +0 long sword (weapon)
Armour
 b - a +0 scale mail (worn)
 c - a +0 kite shield (worn)
 e - a +0 pair of boots
Jewellery
 j - a ring of positive energy (left hand)
Scrolls
 h - a scroll of remove curse
 i - a scroll of identify
 k - a scroll of immolation
Comestibles
 f - 3 rations
 g - 5 chunks of flesh


   Skills:
 + Level 4.1 Fighting
 + Level 3.3 Long Blades
 + Level 4.3 Armour
 + Level 1.4 Dodging
 + Level 4.4 Shields


You had 3 spell levels left.
You didn't know any spells.
Your spell library was empty.

Dungeon Overview and Level Annotations

Branches:
Dungeon (3/15)

Altars:


Innate Abilities, Weirdness & Mutations

You reflexively headbutt those who attack you in melee.
You have a pair of horns on your head.


Message History

You kill the gnoll!
Some of the chunks of flesh in your inventory have rotted away.
You see here a scroll of remove curse.
An adder comes into view.
The adder hisses angrily.
You feel very mighty all of a sudden. You block the gnoll's attack.
You block the adder's attack.
You slash the gnoll!
You kill the gnoll!
The gnoll hits you from afar with a +0 halberd!
* * * LOW HITPOINT WARNING * * *
You block the adder's attack. You block the gnoll's attack.
The adder bites you.
* * * LOW HITPOINT WARNING * * *
Things that are here:
a +0 club; a gnoll corpse You slash the gnoll!
The gnoll is almost dead.
The gnoll hits you with a +0 halberd!
You die...

#.###.#
#.# .#
#)# .#
#.# .#
#.# ..
#.# ..
#?# #g#
###@#
#.S.#
#.###
#. #.
#. ##


You could see a gnoll and an adder.

Vanquished Creatures
  2 gnolls (D:3)
  2 adders (D:2)
  A worm (D:3)
  A dart slug (D:1)
  3 bats
  2 giant cockroaches (D:2)
  4 goblins
  6 hobgoblins
  11 jackals
  2 ball pythons (D:1)
  A frilled lizard (D:1)
  4 kobolds (D:1)
  8 rats
47 creatures vanquished.

Notes
Turn   | Place    | Note
-------+----------+-------------------------------------------
     0 | D:1      | Peloso the Minotaur Fighter began the quest for the Orb.
     0 | D:1      | Reached XP level 1. HP: 19/19 MP: 0/0
    49 | D:1      | Reached XP level 2. HP: 11/27 MP: 1/1
   855 | D:2      | Reached XP level 3. HP: 23/33 MP: 2/2
  1123 | D:2      | Reached skill level 1 in Dodging
  1206 | D:2      | Noticed an ogre
  1232 | D:3      | Reached XP level 4. HP: 38/40 MP: 3/3
  1269 | D:3      | Mangled by a gnoll

Illustrated notes

Levels and vault maps discovered:
D:1:      dpeg_arrival_lava_temple_mockup, layout_loops_ring,
          minmay_misc_feat_diagonals, minmay_stone_trees_small
D:2:      layout_loops_ring, chequers_temple_overflow_statue_of_worship,
          first_ration, serial_rivers, chequers_serial_rivers_micro_b,
          chequers_serial_rivers_room_a, chequers_serial_rivers_micro_e,
          chequers_serial_rivers_micro_a, chequers_serial_rivers_room_a
D:3:      gammafunk_wand_slinger, layout_basic, chequers_serial_rivers_room_b

Skill      XL: |  1  2  3 |
---------------+----------+-----
Fighting       | 4 |  4.1
Armour         | 4 |  4.3
Shields        | 4 |  4.4
Long Blades    | 3 |  3.3
Dodging        | 1 |  1.4

Action                   |  1- 3 |  4- 6 || total
-------------------------+-------+-------++-------
Melee: Long sword        |    98 |    12 ||   110
       Headbutt          |    14 |     2 ||    16
  Use: Scroll            |     4 |       ||     4
       Potion            |     1 |     1 ||     2
  Eat: Chunk             |     1 |       ||     1
Armor: Scale mail        |    44 |     2 ||    46
Dodge: Dodged            |    29 |     6 ||    35
Block: Kite shield       |    53 |    13 ||    66
       Rpst.: Long sword |    13 |     1 ||    14
